[Event "106th British-ch 2019"]
[Site "Torquay"]
[Date "2019.08.03"]
[Round "8.16"]
[White "Brewer, Callum D"]
[Black "Claridge-Hansen, William"]
[Result "1/2-1/2"]
[ECO "B01"]
[WhiteElo "2086"]
[BlackElo "2297"]
[Annotator "NA"]
[PlyCount "96"]
[EventDate "2019.07.27"]
[EventType "swiss"]
[EventCountry "GBR"]
[SourceTitle "playchess.com"]
[Source "ChessBase"]
[SourceQuality "1"]
[TimeControl "40/5400+30:1800+30"]

1. e4 d5 2. exd5 Qxd5 3. Nc3 Qd6 4. d4 Nf6 5. Nf3 c6 6. Ne5 Nbd7 7. Nc4 Qc7 8. Qf3 Nb6 9. Bf4 Qd7 10. Nxb6 axb6 11. O-O-O Qd8 12. d5 Bg4 13. dxc6 Bxf3 14. Rxd8+ Kxd8 15. c7+ Kc8 16. gxf3 e6 17. Bc4 Be7 18. Nb5 Nh5 19. Be5 Bg5+ 20. Kb1 Bf4 21. Re1 Bxe5 22. Rxe5 Nf6 23. Re3 Ra5 24. b4 Rxb5 25. Bxb5 Kxc7 26. Rd3 Rd8 27. Rxd8 Kxd8 28. c4 Kc7 29. Kc2 Kd6 30. Kd3 e5 31. Ke3 Nh5 32. Ba4 f5 33. Bc2 g6 34. Bd1 Nf4 35. Bc2 Ne6 36. Ba4 Nf4 37. Bc2 h5 38. Ba4 h4 39. Bc2 Ne6 40. Ba4 Nf4 41. Bc2 Nh3 42. Bd1 Ke6 43. Ke2 f4 44. a4 Kd6 45. Kf1 Ng5 46. Ke2 Ne6 47. Kd3 Nd4 48. Kc3 Ne6 1/2-1/2

[Event "106th British-ch 2019"]
[Site "Torquay"]
[Date "2019.08.03"]
[Round "8.17"]
[White "Zapolskis, Antanas"]
[Black "Hand, Freddie"]
[Result "0-1"]
[ECO "C56"]
[WhiteElo "2290"]
[BlackElo "2142"]
[Annotator "NA"]
[PlyCount "106"]
[EventDate "2019.07.27"]
[EventType "swiss"]
[EventCountry "GBR"]
[SourceTitle "playchess.com"]
[Source "ChessBase"]
[SourceQuality "1"]
[TimeControl "40/5400+30:1800+30"]

1. e4 e5 2. d4 exd4 3. Nf3 Nc6 4. Bc4 Nf6 5. e5 Ng4 6. O-O Be7 7. Re1 d6 8. e6 fxe6 9. Nxd4 Nxd4 10. Qxd4 Ne5 11. Bb5+ c6 12. f4 Nf7 13. Bd3 O-O 14. c4 e5 15. Qe3 Bf6 16. Nc3 exf4 17. Qxf4 Ne5 18. Qe3 Ng4 19. Qh3 g6 20. Nd1 Bd4+ 21. Kh1 Nf2+ 22. Nxf2 Bxh3 23. Nxh3 Qa5 24. Rd1 Rae8 25. Bd2 Qe5 26. Bh6 Rf7 27. Ng5 Rfe7 28. Nf3 Qh5 29. Bg5 Rf7 30. Nxd4 Qxg5 31. Nf3 Qc5 32. Rab1 a5 33. b3 Re3 34. Ra1 g5 35. h3 Rf6 36. Bf1 g4 37. Nh2 gxh3 38. gxh3 h5 39. Bg2 Rf2 40. Rg1 Kh8 41. Raf1 Ree2 42. Nf3 Rxa2 43. Re1 Rae2 44. Rd1 Re3 45. Rde1 Rxe1 46. Rxe1 Qb6 47. Re8+ Kg7 48. Ng5 Rxg2 49. Kxg2 Qxb3 50. h4 a4 51. Re7+ Kg6 52. Nf3 a3 53. Re6+ Kg7 0-1

[Event "106th British-ch 2019"]
[Site "Torquay"]
[Date "2019.08.03"]
[Round "8.18"]
[White "Holland, Chris Kd"]
[Black "Rocco, Federico"]
[Result "0-1"]
[ECO "E48"]
[WhiteElo "2143"]
[BlackElo "2157"]
[Annotator "NA"]
[PlyCount "30"]
[EventDate "2019.07.27"]
[EventType "swiss"]
[EventCountry "GBR"]
[SourceTitle "playchess.com"]
[Source "ChessBase"]
[SourceQuality "1"]
[TimeControl "40/5400+30:1800+30"]

1. d4 Nf6 2. c4 e6 3. Nc3 Bb4 4. e3 O-O 5. Bd3 d5 6. Nge2 c5 7. a3 cxd4 8. axb4 dxc3 9. Qb3 Nc6 10. O-O Ne5 11. Rd1 Nfg4 12. h3 Nxf2 13. Kxf2 Qh4+ 14. Kg1 Nxd3 15. Rxd3 dxc4 0-1

[Event "106th British-ch 2019"]
[Site "Torquay"]
[Date "2019.08.03"]
[Round "8.19"]
[White "Starley, Robert"]
[Black "Smith, Andrew Philip"]
[Result "1/2-1/2"]
[ECO "B56"]
[WhiteElo "2058"]
[BlackElo "2147"]
[Annotator "NA"]
[PlyCount "75"]
[EventDate "2019.07.27"]
[EventType "swiss"]
[EventCountry "GBR"]
[SourceTitle "playchess.com"]
[Source "ChessBase"]
[SourceQuality "1"]
[TimeControl "40/5400+30:1800+30"]

1. e4 c5 2. Nf3 d6 3. Bb5+ Nc6 4. d4 cxd4 5. Nxd4 Bd7 6. Be3 Nf6 7. Nc3 a6 8. Nxc6 bxc6 9. Bc4 g6 10. O-O Bg7 11. f3 O-O 12. Qd2 Qc7 13. Rad1 Rfb8 14. b3 a5 15. a4 Be6 16. Bxe6 fxe6 17. Qd3 Qc8 18. Rfe1 Rb7 19. Ne2 c5 20. Nf4 Kf7 21. Nh3 Rb4 22. Bd2 c4 23. Qe2 c3 24. Bc1 e5 25. Rd3 Ra6 26. Nf2 Rc6 27. Nd1 Rb7 28. Ne3 Bh6 29. Nd5 Bxc1 30. Rxc1 Nxd5 31. Rxd5 Rc5 32. Rcd1 Rbc7 33. Qe3 Kg7 34. R1d3 R7c6 35. Qg5 Qc7 36. Qe3 e6 37. Rxc5 Rxc5 38. f4 1/2-1/2

[Event "106th British-ch 2019"]
[Site "Torquay"]
[Date "2019.08.03"]
[Round "8.20"]
[White "Wall, Tim P"]
[Black "Jones, Steven A"]
[Result "0-1"]
[ECO "C84"]
[WhiteElo "2246"]
[BlackElo "2117"]
[Annotator "NA"]
[PlyCount "68"]
[EventDate "2019.07.27"]
[EventType "swiss"]
[EventCountry "GBR"]
[SourceTitle "playchess.com"]
[Source "ChessBase"]
[SourceQuality "1"]
[TimeControl "40/5400+30:1800+30"]

1. e4 e5 2. Nf3 Nc6 3. Bb5 a6 4. Ba4 Nf6 5. O-O Be7 6. d3 d6 7. c3 O-O 8. Re1 b5 9. Bc2 h6 10. d4 Bg4 11. d5 Na5 12. h3 Bd7 13. Nbd2 c5 14. dxc6 Bxc6 15. Nf1 Qc7 16. Ng3 Rfe8 17. a4 Rad8 18. axb5 axb5 19. Nf5 Bf8 20. Qe2 Nb7 21. Nh2 Nc5 22. Ng4 Ncxe4 23. Bxe4 Nxe4 24. Ngxh6+ gxh6 25. Qg4+ Kh7 26. Rxe4 Bxe4 27. Qxe4 d5 28. Qh4 Re6 29. Be3 Qc8 30. Ra5 b4 31. cxb4 d4 32. Bg5 Rd7 33. Qe4 Qb7 34. Qh4 Rg6 0-1

[Event "106th British-ch 2019"]
[Site "Torquay"]
[Date "2019.08.03"]
[Round "8.21"]
[White "Merriman, John"]
[Black "Longson, Sarah N"]
[Result "1/2-1/2"]
[ECO "D45"]
[WhiteElo "2226"]
[BlackElo "2095"]
[Annotator "NA"]
[PlyCount "56"]
[EventDate "2019.07.27"]
[EventType "swiss"]
[EventCountry "GBR"]
[SourceTitle "playchess.com"]
[Source "ChessBase"]
[SourceQuality "1"]
[TimeControl "40/5400+30:1800+30"]

1. d4 d5 2. c4 e6 3. Nc3 c6 4. e3 Nf6 5. Nf3 Nbd7 6. Qc2 Bd6 7. b3 O-O 8. Be2 b6 9. O-O Bb7 10. Rd1 Qe7 11. e4 Nxe4 12. Nxe4 dxe4 13. Qxe4 f5 14. Qc2 c5 15. Bg5 Qf7 16. Qd2 Nf6 17. Bf4 Ne4 18. Qc1 Bxf4 19. Qxf4 Nc3 20. Re1 Nxe2+ 21. Rxe2 Bxf3 22. gxf3 cxd4 23. Qxd4 Qg6+ 24. Kh1 Qh5 25. Rg1 Qxf3+ 26. Rg2 e5 27. Qxe5 Rf7 28. Re3 Qc6 1/2-1/2

[Event "106th British-ch 2019"]
[Site "Torquay"]
[Date "2019.08.03"]
[Round "8.22"]
[White "Modi, Shyam Jagdish"]
[Black "Ledger, Dave J"]
[Result "1-0"]
[ECO "E04"]
[WhiteElo "2098"]
[BlackElo "2168"]
[Annotator "NA"]
[PlyCount "61"]
[EventDate "2019.07.27"]
[EventType "swiss"]
[EventCountry "GBR"]
[SourceTitle "playchess.com"]
[Source "ChessBase"]
[SourceQuality "1"]
[TimeControl "40/5400+30:1800+30"]

1. d4 Nf6 2. c4 e6 3. g3 d5 4. Nf3 dxc4 5. Bg2 Bb4+ 6. Bd2 c5 7. Bxb4 cxb4 8. Ne5 O-O 9. Nxc4 Nc6 10. e3 e5 11. d5 b5 12. O-O Bg4 13. Qd2 bxc4 14. dxc6 a5 15. Qc2 Qd3 16. Qxd3 cxd3 17. Nd2 Rfe8 18. Rfc1 Rac8 19. Rc5 e4 20. Rac1 Re6 21. h3 Be2 22. Rxa5 h5 23. Rac5 Kf8 24. Bf1 g6 25. Nb3 Bf3 26. Bg2 Be2 27. Bf1 Bf3 28. Nd2 Rd6 29. Bg2 Rc7 30. Nxf3 exf3 31. Bxf3 1-0

[Event "106th British-ch 2019"]
[Site "Torquay"]
[Date "2019.08.03"]
[Round "8.23"]
[White "Villiers, Thomas"]
[Black "Jaufarally, Nadia"]
[Result "1-0"]
[ECO "B07"]
[WhiteElo "2218"]
[BlackElo "1944"]
[Annotator "NA"]
[PlyCount "39"]
[EventDate "2019.07.27"]
[EventType "swiss"]
[EventCountry "GBR"]
[SourceTitle "playchess.com"]
[Source "ChessBase"]
[SourceQuality "1"]
[TimeControl "40/5400+30:1800+30"]

1. d4 Nf6 2. Nd2 g6 3. e4 d6 4. Ngf3 Bg7 5. Bd3 O-O 6. O-O Nh5 7. Nc4 Qe8 8. c3 e5 9. Be3 f5 10. dxe5 f4 11. Bd4 c5 12. Nxd6 Qc6 13. Qb3+ Kh8 14. Ng5 h6 15. Ndf7+ Rxf7 16. Nxf7+ Kh7 17. Bb5 Qb6 18. Nd6 Na6 19. Bxa6 bxa6 20. Qd5 1-0

[Event "106th British-ch 2019"]
[Site "Torquay"]
[Date "2019.08.03"]
[Round "8.24"]
[White "Player, Edmund C"]
[Black "Krzyzanowski, Patryk"]
[Result "0-1"]
[ECO "B36"]
[WhiteElo "2202"]
[BlackElo "2114"]
[Annotator "NA"]
[PlyCount "84"]
[EventDate "2019.07.27"]
[EventType "swiss"]
[EventCountry "GBR"]
[SourceTitle "playchess.com"]
[Source "ChessBase"]
[SourceQuality "1"]
[TimeControl "40/5400+30:1800+30"]

1. e4 c5 2. Nf3 g6 3. c4 Nc6 4. d4 cxd4 5. Nxd4 Nf6 6. Nc3 d6 7. Be2 Nxd4 8. Qxd4 Bg7 9. Be3 O-O 10. Qd2 a5 11. O-O a4 12. Rad1 Qa5 13. Bd4 Re8 14. h3 Be6 15. f4 Rec8 16. b3 axb3 17. axb3 Qb4 18. f5 Bd7 19. Bxf6 Bxf6 20. Nd5 Qxd2 21. Nxf6+ Kg7 22. Rxd2 Kxf6 23. e5+ Kxe5 24. fxg6 f5 25. gxh7 Rh8 26. Rd5+ Kf6 27. Bd3 e6 28. Rxd6 Ke7 29. Rb6 Bc6 30. b4 Ra2 31. Rf2 Rxf2 32. Kxf2 Kd6 33. g4 Rxh7 34. Bf1 fxg4 35. c5+ Ke5 36. hxg4 Rf7+ 37. Ke1 Kd4 38. Bb5 Bd5 39. Be8 Rf4 40. g5 Rg4 41. g6 Ke3 42. Kd1 Rc4 0-1

[Event "106th British-ch 2019"]
[Site "Torquay"]
[Date "2019.08.03"]
[Round "8.25"]
[White "Yoon, Jacob D"]
[Black "Donaldson, Thomas"]
[Result "1-0"]
[ECO "A45"]
[WhiteElo "1963"]
[BlackElo "2065"]
[Annotator "NA"]
[PlyCount "43"]
[EventDate "2019.07.27"]
[EventType "swiss"]
[EventCountry "GBR"]
[SourceTitle "playchess.com"]
[Source "ChessBase"]
[SourceQuality "1"]
[TimeControl "40/5400+30:1800+30"]

1. d4 Nf6 2. Bg5 c5 3. e3 Qb6 4. Bxf6 Qxb2 5. Nd2 gxf6 6. Ngf3 Nc6 7. dxc5 f5 8. Bd3 Bg7 9. Rb1 Qf6 10. O-O O-O 11. e4 Ne5 12. Nxe5 Qxe5 13. exf5 Qxc5 14. f6 exf6 15. Rb5 Qd4 16. Qh5 h6 17. Qf5 Re8 18. Rd5 Qb6 19. Nc4 Qe6 20. Qh7+ Kf8 21. Ne3 b6 22. Nf5 1-0

[Event "106th British-ch 2019"]
[Site "Torquay"]
[Date "2019.08.04"]
[Round "9.3"]
[White "Palliser, Richard Jd"]
[Black "Houska, Jovanka"]
[Result "1/2-1/2"]
[ECO "D36"]
[WhiteElo "2399"]
[BlackElo "2422"]
[Annotator "NA"]
[PlyCount "25"]
[EventDate "2019.07.27"]
[EventType "swiss"]
[EventCountry "GBR"]
[SourceTitle "playchess.com"]
[Source "ChessBase"]
[SourceQuality "1"]
[TimeControl "40/5400+30:1800+30"]

1. d4 d5 2. c4 e6 3. Nc3 Nf6 4. cxd5 exd5 5. Bg5 c6 6. e3 Be7 7. Bd3 Nbd7 8. Qc2 O-O 9. Nf3 Re8 10. h3 Nf8 11. O-O g6 12. Bf4 Nh5 13. Bh2 1/2-1/2

[Event "106th British-ch 2019"]
[Site "Torquay"]
[Date "2019.08.04"]
[Round "9.4"]
[White "Emms, John M"]
[Black "Haria, Ravi"]
[Result "0-1"]
[ECO "C10"]
[WhiteElo "2481"]
[BlackElo "2430"]
[Annotator "ChessBase"]
[PlyCount "70"]
[EventDate "2019.07.27"]
[EventType "swiss"]
[EventCountry "GBR"]
[SourceTitle "playchess.com"]
[Source "ChessBase"]
[SourceQuality "1"]
[TimeControl "40/5400+30:1800+30"]

1. e4 e6 2. d4 d5 3. Nd2 dxe4 4. Nxe4 Bd7 5. Nf3 Bc6 6. Bd3 Nd7 7. c3 Be7 8. O-O Ngf6 9. Nxf6+ Bxf6 10. Re1 O-O 11. Bf4 Bxf3 12. Qxf3 c6 13. Re3 g6 14. Qg3 Re8 15. Rae1 a5 16. a4 Qb6 17. h4 Bg7 18. h5 Qb3 19. Qh4 Bf6 20. Qg4 Bg7 21. hxg6 hxg6 22. Rh3 e5 23. dxe5 Nf8 24. Qh4 Qxa4 25. b3 Qxb3 26. Bh6 Rxe5 27. Bxg7 Rh5 28. Qf6 Nh7 29. Qe7 Rxh3 30. gxh3 Kxg7 31. Bxg6 Nf6 32. Bc2 Qxc2 33. Kh1 Qf5 34. Rg1+ Kh8 35. Qe3 Qe4+ 0-1

[Event "106th British-ch 2019"]
[Site "Torquay"]
[Date "2019.08.04"]
[Round "9.5"]
[White "Tan, Justin Hy"]
[Black "Williams, Simon K"]
[Result "1-0"]
[ECO "B51"]
[WhiteElo "2513"]
[BlackElo "2468"]
[Annotator "ChessBase"]
[PlyCount "125"]
[EventDate "2019.07.27"]
[EventType "swiss"]
[EventCountry "GBR"]
[SourceTitle "playchess.com"]
[Source "ChessBase"]
[SourceQuality "1"]
[TimeControl "40/5400+30:1800+30"]

1. e4 c5 2. Nf3 d6 3. Bb5+ Nc6 4. O-O Bd7 5. Re1 Nf6 6. h3 a6 7. Bf1 g5 8. d4 g4 9. d5 gxf3 10. dxc6 Bxc6 11. Qxf3 e6 12. Nc3 Be7 13. Bf4 Qc7 14. Rad1 O-O-O 15. Bg5 Ne8 16. Nd5 Bxd5 17. Bxe7 Qxe7 18. exd5 e5 19. b4 cxb4 20. Re4 Nf6 21. Rc4+ Kb8 22. Rxb4 Nd7 23. Bxa6 Nc5 24. Bf1 e4 25. Qf4 Rhe8 26. Bb5 Qe5 27. Qe3 Re7 28. f4 exf3 29. Qxe5 Rxe5 30. gxf3 Re3 31. Kf2 Ra3 32. Bc4 Rc3 33. Rd2 Re8 34. Bb5 Re5 35. Rf4 f5 36. a4 Kc7 37. Rh4 Re7 38. Rh5 Ra3 39. Rd4 Rc3 40. Rxf5 Rxc2+ 41. Kg3 Rc1 42. Rdf4 Rg1+ 43. Kh4 Rgg7 44. Rg5 Rgf7 45. Rxf7 Rxf7 46. Kg4 Kb6 47. Rf5 Rg7+ 48. Kh5 Nd7 49. Kh6 Re7 50. Rf4 Ne5 51. Rf6 Kc5 52. f4 Nf3 53. Bd3 Kxd5 54. Bxh7 Kc5 55. Bg8 Rd7 56. Rf7 Rd8 57. Rc7+ Kd4 58. Kg7 d5 59. f5 Nh4 60. Bh7 Nf3 61. f6 Ng5 62. Bf5 Ke5 63. Bg4 1-0

[Event "106th British-ch 2019"]
[Site "Torquay"]
[Date "2019.08.04"]
[Round "9.7"]
[White "Bradbury, Neil H"]
[Black "Fernandez, Daniel Howard"]
[Result "1-0"]
[ECO "A40"]
[WhiteElo "2322"]
[BlackElo "2466"]
[Annotator "ChessBase"]
[PlyCount "77"]
[EventDate "2019.07.27"]
[EventType "swiss"]
[EventCountry "GBR"]
[SourceTitle "playchess.com"]
[Source "ChessBase"]
[SourceQuality "1"]
[TimeControl "40/5400+30:1800+30"]

1. d4 b5 2. e4 Bb7 3. Nd2 b4 4. Ngf3 e6 5. Bd3 c5 6. c3 d5 7. exd5 Bxd5 8. O-O bxc3 9. bxc3 Nf6 10. Ne5 cxd4 11. Bb5+ Nbd7 12. c4 Bb7 13. Ndf3 Qc7 14. Bg5 a6 15. Ba4 Bc8 16. Bc6 Bb7 17. Ba4 Bc8 18. Bc6 Rb8 19. Qxd4 Rb6 20. Ba4 Bc5 21. Nxd7 Bxd4 22. Nxb6+ Kf8 23. Nxd4 Qxb6 24. Nc6 Qc5 25. Bd2 Qh5 26. Rab1 g6 27. Rb3 Bd7 28. Rf3 Ne4 29. Bb4+ Kg7 30. Rd1 Bxc6 31. Bxc6 Rc8 32. Bxe4 Rxc4 33. Be7 h6 34. Bf6+ Kh7 35. Bd3 Rf4 36. Rxf4 Qxd1+ 37. Bf1 Qd2 38. Rd4 Qxa2 39. Rd8 1-0

[Event "106th British-ch 2019"]
[Site "Torquay"]
[Date "2019.08.04"]
[Round "9.8"]
[White "Ashton, Adam G"]
[Black "Ward, Chris G"]
[Result "1/2-1/2"]
[ECO "B36"]
[WhiteElo "2323"]
[BlackElo "2418"]
[Annotator "ChessBase"]
[PlyCount "51"]
[EventDate "2019.07.27"]
[EventType "swiss"]
[EventCountry "GBR"]
[SourceTitle "playchess.com"]
[Source "ChessBase"]
[SourceQuality "1"]
[TimeControl "40/5400+30:1800+30"]

1. e4 c5 2. Nf3 g6 3. c4 Nc6 4. d4 cxd4 5. Nxd4 Nf6 6. Nc3 d6 7. Be2 Nxd4 8. Qxd4 Bg7 9. Bg5 O-O 10. Qd2 a5 11. O-O a4 12. Rab1 Be6 13. f3 Qa5 14. Rfc1 Rfc8 15. b4 axb3 16. axb3 Qb4 17. Rc2 Ra3 18. Nb5 Qxd2 19. Rxd2 Ra5 20. Be3 Rca8 21. Nc7 Ra1 22. Rxa1 Rxa1+ 23. Rd1 Ra2 24. Rd2 Ra1+ 25. Rd1 Ra2 26. Rd2 1/2-1/2

[Event "106th British-ch 2019"]
[Site "Torquay"]
[Date "2019.08.04"]
[Round "9.9"]
[White "Rudd, Jack"]
[Black "Wadsworth, Matthew J"]
[Result "0-1"]
[ECO "A64"]
[WhiteElo "2275"]
[BlackElo "2418"]
[Annotator "NA"]
[PlyCount "68"]
[EventDate "2019.07.27"]
[EventType "swiss"]
[EventCountry "GBR"]
[SourceTitle "playchess.com"]
[Source "ChessBase"]
[SourceQuality "1"]
[TimeControl "40/5400+30:1800+30"]

1. d4 Nf6 2. c4 c5 3. d5 e6 4. Nc3 exd5 5. cxd5 d6 6. Nf3 g6 7. g3 Bg7 8. Bg2 O-O 9. O-O a6 10. a4 Nbd7 11. Nd2 Re8 12. Nc4 Ne5 13. Na3 Nh5 14. e4 b5 15. axb5 axb5 16. Ncxb5 Ba6 17. Nc3 Bxf1 18. Bxf1 Nf6 19. Bb5 Re7 20. Bf4 Qb8 21. Rb1 h6 22. f3 Nfd7 23. Kg2 Nb6 24. Bc6 Ra6 25. Qb3 Qc8 26. Bxe5 Bxe5 27. Ncb5 Qd8 28. Re1 Ra4 29. Nc2 c4 30. Qe3 Ra2 31. f4 Rxb2 32. Re2 Bg7 33. Qa3 Nxd5 34. Nxd6 Nb4 0-1

[Event "106th British-ch 2019"]
[Site "Torquay"]
[Date "2019.08.04"]
[Round "9.10"]
[White "Pein, Malcolm"]
[Black "Eggleston, David J"]
[Result "0-1"]
[ECO "E05"]
[WhiteElo "2312"]
[BlackElo "2399"]
[Annotator "NA"]
[PlyCount "70"]
[EventDate "2019.07.27"]
[EventType "swiss"]
[EventCountry "GBR"]
[SourceTitle "playchess.com"]
[Source "ChessBase"]
[SourceQuality "1"]
[TimeControl "40/5400+30:1800+30"]

1. Nf3 Nf6 2. c4 e6 3. g3 d5 4. Bg2 Be7 5. O-O O-O 6. d4 dxc4 7. Qc2 a6 8. Qxc4 b5 9. Qc2 Bb7 10. Bd2 Be4 11. Qc1 Qc8 12. Bg5 Nbd7 13. Nbd2 Bb7 14. Nb3 a5 15. a4 bxa4 16. Rxa4 Bd5 17. Bxf6 Nxf6 18. Nxa5 Qa6 19. Qc2 Qb5 20. b4 Bxb4 21. Rb1 Be4 22. Raxb4 Qxa5 23. Qb2 Bxb1 24. Qxb1 c5 25. Rb5 Qa2 26. Ne5 Qxb1+ 27. Rxb1 Rab8 28. Rc1 cxd4 29. Nc6 Rb2 30. Nxd4 Rfb8 31. e3 Rb1 32. Rxb1 Rxb1+ 33. Bf1 Ne4 34. Kg2 Rb2 35. Ne2 e5 0-1

[Event "106th British-ch 2019"]
[Site "Torquay"]
[Date "2019.08.04"]
[Round "9.11"]
[White "Toma, Katarzyna"]
[Black "Willow, Jonah B"]
[Result "0-1"]
[ECO "B42"]
[WhiteElo "2229"]
[BlackElo "2343"]
[Annotator "NA"]
[PlyCount "38"]
[EventDate "2019.07.27"]
[EventType "swiss"]
[EventCountry "GBR"]
[SourceTitle "playchess.com"]
[Source "ChessBase"]
[SourceQuality "1"]
[TimeControl "40/5400+30:1800+30"]

1. e4 c5 2. Nf3 e6 3. d4 cxd4 4. Nxd4 a6 5. Bd3 Nf6 6. Qe2 d6 7. c4 b6 8. Nc3 Bb7 9. O-O Be7 10. Be3 Nbd7 11. f3 O-O 12. Rfc1 Ne5 13. Nb3 Re8 14. a4 d5 15. a5 d4 16. Bxd4 Nxd3 17. Rd1 Nf4 18. Qe3 N6h5 19. Be5 Bc5 0-1

[Event "106th British-ch 2019"]
[Site "Torquay"]
[Date "2019.08.04"]
[Round "9.12"]
[White "Lane, Gary W"]
[Black "Stoyanov, Viktor"]
[Result "1/2-1/2"]
[ECO "B06"]
[WhiteElo "2364"]
[BlackElo "2198"]
[Annotator "NA"]
[PlyCount "192"]
[EventDate "2019.07.27"]
[EventType "swiss"]
[EventCountry "GBR"]
[SourceTitle "playchess.com"]
[Source "ChessBase"]
[SourceQuality "1"]
[TimeControl "40/5400+30:1800+30"]

1. e4 g6 2. d4 Bg7 3. Nc3 c6 4. Bc4 d6 5. Bb3 Nf6 6. f4 {[%emt 0:00:54] B06: Modern Defence} (6. Nf3 O-O 7. O-O Qc7 8. e5 dxe5 9. Nxe5 Nbd7 10. Nd3 Nb6 11. Bf4 Qd8 12. Be5 Bf5 13. Nc5 Nbd7 14. Nxd7 Qxd7 15. Qe2 Be6 {1-0 (60) Vallejo Pons,F (2698)-Anton Guijarro,D (2631) Dubai 2014}) 6... O-O 7. Nf3 b5 8. a3 Bb7 9. O-O a5 10. e5 Ne8 $146 ({Predecessor:} 10... dxe5 11. fxe5 Ng4 12. h3 Nh6 13. Ne4 Na6 14. Bg5 Rc8 {0-1 (48) Cochrane,J-Bonnerjee,M Calcutta 1854}) 11. Qe1 Na6 12. f5 d5 13. g4 f6 14. fxg6 hxg6 15. Nh4 Qc8 16. Nxg6 Qxg4+ 17. Qg3 Qxg3+ 18. hxg3 Nec7 19. Nxf8 Rxf8 20. Bf4 Ne6 21. Ne2 fxe5 22. Bxe5 Bxe5 23. dxe5 Nac5 24. Rxf8+ Kxf8 25. Rf1+ Kg7 26. g4 Bc8 27. Ba2 Nd7 28. Ng3 Nxe5 29. Nf5+ Kh8 30. Nxe7 Bd7 31. c3 Nxg4 32. Bb1 Ne5 33. Kh1 $2 (33. Rf5 $18 Ng5 {[#]} 34. Ng6+ $1 Nxg6 35. Rxg5) 33... Kg7 34. Re1 Kf7 (34... Nf3 $16 {is a better defense.} 35. Re3 Nd2) 35. Nf5 Nc4 36. Re2 Kf6 $11 37. Nd4 Nf4 38. Rf2 Ke5 39. Kh2 c5 40. Nf3+ Kd6 41. Ng5 Ne6 42. Nxe6 Bxe6 43. Kg3 b4 44. axb4 axb4 45. cxb4 cxb4 46. Kf4 Bd7 47. b3 Na5 48. Bc2 Be6 49. Rg2 Kc5 50. Bd1 Nc6 51. Rc2+ Kd6 52. Ra2 Kc5 53. Ke3 Bf5 54. Ra1 Be4 55. Ra2 Bg6 56. Be2 Bf5 57. Bf3 Bg6 58. Rg2 Bf7 59. Bd1 Be6 60. Rc2+ Kd6 61. Kd2 Bf5 62. Ra2 Kc5 63. Ra4 Be4 64. Ra8 Kd6 65. Ke3 Kc5 66. Rf8 Kd6 67. Rf6+ Kc5 68. Kd2 Ne5 69. Be2 Nc6 70. Kc1 Nd4 71. Bd1 Nc6 72. Kb2 Ne5 73. Be2 Nc6 74. Rf7 Nd4 75. Bd1 Nc6 76. Rb7 Na5 77. Rg7 Nc6 78. Bh5 Ne5 79. Be2 Nc6 80. Rb7 Nd4 81. Bf1 Bf3 82. Rc7+ Kd6 83. Rc1 Be4 84. Ba6 Nc6 85. Rd1 Kc5 86. Be2 Nd4 87. Bf1 Nc6 88. Rd2 Nd4 89. Rh2 Nc6 90. Be2 Nd4 91. Bd1 Nc6 92. Kc1 Ne5 93. Kd2 Nc6 94. Rh8 Kd6 95. Ke3 Kc5 96. Kd2 Kd6 1/2-1/2

[Event "106th British-ch 2019"]
[Site "Torquay"]
[Date "2019.08.04"]
[Round "9.13"]
[White "Bates, Richard A"]
[Black "Brewer, Callum D"]
[Result "1/2-1/2"]
[ECO "D38"]
[WhiteElo "2352"]
[BlackElo "2086"]
[Annotator "NA"]
[PlyCount "38"]
[EventDate "2019.07.27"]
[EventType "swiss"]
[EventCountry "GBR"]
[SourceTitle "playchess.com"]
[Source "ChessBase"]
[SourceQuality "1"]
[TimeControl "40/5400+30:1800+30"]

1. d4 Nf6 2. Nf3 d5 3. c4 e6 4. e3 Nbd7 5. Nc3 Bb4 6. a3 Bxc3+ 7. bxc3 O-O 8. cxd5 exd5 9. c4 Re8 10. Qb3 c5 11. cxd5 cxd4 12. Nxd4 Nc5 13. Qc4 b6 14. Be2 Bb7 15. O-O Bxd5 16. Qc2 Be4 17. Qd1 Qe7 18. Bb2 Red8 19. Re1 Rac8 1/2-1/2

[Event "106th British-ch 2019"]
[Site "Torquay"]
[Date "2019.08.04"]
[Round "9.14"]
[White "Claridge-Hansen, William"]
[Black "Rocco, Federico"]
[Result "1-0"]
[ECO "A20"]
[WhiteElo "2297"]
[BlackElo "2157"]
[Annotator "ChessBase"]
[PlyCount "85"]
[EventDate "2019.07.27"]
[EventType "swiss"]
[EventCountry "GBR"]
[SourceTitle "playchess.com"]
[Source "ChessBase"]
[SourceQuality "1"]
[TimeControl "40/5400+30:1800+30"]

1. c4 e5 2. g3 h5 3. h4 Nc6 4. Bg2 Bc5 5. Nc3 d6 6. a3 a5 7. e3 Bg4 8. Nge2 Nge7 9. f3 Bd7 10. d4 Ba7 11. d5 Nb8 12. b4 Nf5 13. Qd3 Na6 14. Rb1 Qf6 15. e4 Nd4 16. Nxd4 Bxd4 17. Ne2 Qg6 18. Be3 Bxe3 19. Qxe3 f5 20. f4 O-O 21. fxe5 dxe5 22. O-O axb4 23. axb4 b6 24. Qg5 Qxg5 25. hxg5 fxe4 26. Bxe4 Rxf1+ 27. Kxf1 Rf8+ 28. Kg2 Bf5 29. Nc3 Kh7 30. Bxf5+ Rxf5 31. Ne4 h4 32. b5 Nb8 33. Rh1 Nd7 34. Rxh4+ Kg6 35. Rh8 Rf8 36. Rxf8 Nxf8 37. Kf3 Kf5 38. g4+ Kg6 39. c5 bxc5 40. Nxc5 Kxg5 41. Na6 Nd7 42. Nxc7 Nc5 43. Ne6+ 1-0

[Event "106th British-ch 2019"]
[Site "Torquay"]
[Date "2019.08.04"]
[Round "9.15"]
[White "Hand, Freddie"]
[Black "Pigott, John C"]
[Result "1/2-1/2"]
[ECO "E60"]
[WhiteElo "2142"]
[BlackElo "2384"]
[Annotator "ChessBase"]
[PlyCount "82"]
[EventDate "2019.07.27"]
[EventType "swiss"]
[EventCountry "GBR"]
[SourceTitle "playchess.com"]
[Source "ChessBase"]
[SourceQuality "1"]
[TimeControl "40/5400+30:1800+30"]

1. d4 Nf6 2. c4 g6 3. f3 c5 4. d5 d6 5. e4 Bg7 6. Ne2 e6 7. Nec3 exd5 8. cxd5 a6 9. a4 Nh5 10. Be3 f5 11. Be2 f4 12. Bf2 Nd7 13. O-O Qg5 14. e5 Nxe5 15. Ne4 Qe7 16. Nbc3 O-O 17. Rb1 Nf6 18. b4 Nxe4 19. Nxe4 c4 20. a5 Bf5 21. Rc1 Rac8 22. Re1 Bxe4 23. fxe4 Qg5 24. Kh1 Rf7 25. Bd4 Qh4 26. Rc2 h5 27. Rf1 Ng4 28. Bxg4 Qxg4 29. Bxg7 Qxd1 30. Rxd1 Kxg7 31. Rc3 Kf6 32. Rdc1 Rfc7 33. g3 fxg3 34. Rxg3 c3 35. Rf1+ Kg7 36. Rfg1 c2 37. Rxg6+ Kh7 38. R6g5 Kh6 39. Rg6+ Kh7 40. R6g5 Kh6 41. Rg6+ Kh7 1/2-1/2